 Dungeon Crawl Stone Soup version 0.16.2 (webtiles) character file.

816 poirepourri the Ducker (level 7, -5/67 HPs)
             Began as a Deep Dwarf Berserker on Aug 13, 2015.
             Was a Priest of Trog.
             Slain by an orc warrior
             ... wielding a +0 glaive
              (21 damage)
             ... on level 5 of the Dungeon.
             The game lasted 00:09:46 (4016 turns).

poirepourri the Ducker (Deep Dwarf Berserker)       Turns: 4016, Time: 00:09:50

Health: -5/67      AC:  5    Str: 23    XL:     7   Next: 62%
Magic:  7/7        EV: 13    Int:  7    God:    Trog [***...]
Gold:   182        SH:  0    Dex: 12    Spells: 0 memorised, 6 levels left

rFire  . . .     SeeInvis .     a - +0 hand axe
rCold  . . .     Clarity  .     n - +0 ring mail
rNeg   . . .     SustAb   .     (no shield)
rPois  .         Gourm    .     (no helmet)
rElec  .         Spirit   .     (no cloak)
rCorr  +         Warding  .     (no gloves)
rMut   .         Stasis   .     (no boots)
MR     +....                    d - amulet of resist corrosion
Stlth  +.........               (no ring)
                                m - ring of flight

@: non-regenerating, somewhat resistant to hostile enchantments, very unstealthy
A: damage resistance, recharge devices, sense surroundings 1, slow healing 3
a: Device Recharging, Burn Spellbooks, Berserk, Trog's Hand, Renounce Religion,
Evoke Flight


You were on level 5 of the Dungeon.
You worshipped Trog.
Trog was most pleased with you.
You were not hungry.

You visited 1 branch of the dungeon, and saw 5 of its levels.

You collected 182 gold pieces.

Inventory:

Hand weapons
 a - a +0 hand axe (weapon)
Armour
 b - a +0 animal skin
 e - a +1 leather armour
 n - a +0 ring mail (worn)
Jewellery
 d - an amulet of resist corrosion (around neck)
 f - an uncursed ring of protection from cold {unknown}
 m - a ring of flight (left hand)
Magical devices
 c - a wand of heal wounds (1)
 g - a wand of slowing (29)
 h - a wand of flame (27)
Scrolls
 j - a scroll of remove curse
 l - 4 scrolls of teleportation
 p - a scroll of fear {unknown}
Potions
 k - a potion of haste
Comestibles
 i - 2 bread rations
 o - 2 fruits


   Skills:
 * Level 5.5 Fighting
 + Level 5.1 Axes
 + Level 3.5 Armour
 + Level 5.5 Dodging
 + Level 2.1 Stealth
 + Level 0.4 Evocations


You had 6 spell levels left.
You didn't know any spells.

Dungeon Overview and Level Annotations

Branches:
Dungeon (5/15)
 Temple: D:4-7

Altars:
Elyvilon
Nemelex Xobeh
Xom
The Shining One


Innate Abilities, Weirdness & Mutations

You are resistant to damage.
You can recharge devices by infusing magical energy.
You passively map a small area around you.
You do not heal naturally.


Message History

You hit the orc.
The orc is heavily wounded.
The orc warrior barely misses you. The orc hits you with a mace!
You hit the orc but do no damage.
The orc is heavily wounded.
The orc warrior barely misses you. The orc barely misses you.
You hit the orc but do no damage.
The orc is heavily wounded.
You hit the orc but do no damage.
The orc is heavily wounded.
The orc warrior hits you from afar with a glaive!
* * * LOW HITPOINT WARNING * * *
The orc barely misses you.
You hit the orc but do no damage.
The orc is heavily wounded.
Your skin stops crawling.
You feel less resistant to hostile enchantments.
The orc hits you but does no damage.
The orc warrior hits you from afar with a glaive!!
You die...

≈ #.. .⌠.... , , ,,
....... * ........, ,
........# * ,
.........# , .........#
, ?.......o########
.........oo@....>#
..........###########
..........#.........###
,
,.....................#
.........#.........#.#
,
.....................#
.#......#.........###
.. .......#.........###
..####
*,......######......#


You could see an orc warrior, an orc priest and an orc.

Vanquished Creatures
  An ice beast (D:3)
  A phantom (D:4)
  The ghost of Razmath the Ducker, an average GrGl of Makhleb (D:3)
  A crimson imp (D:5)
  A centaur skeleton (D:4)
  A jelly (D:5)
  2 hounds (D:4)
  A gnoll shaman (D:4)
  An orc priest (D:5)
  A worker ant (D:4)
  An orc wizard (D:4)
  A hound skeleton (D:4)
  7 gnolls
  9 adders
  2 worms
  4 giant geckos
  3 oozes
  16 orcs
  A ball python (D:1)
  7 bats
  A bat skeleton (D:4)
  4 giant cockroaches
  8 goblins
  8 hobgoblins
  13 jackals
  A quokka (D:3)
  2 giant newts (D:3)
  14 kobolds
  9 rats
122 creatures vanquished.

Notes
Turn   | Place    | Note
--------------------------------------------------------------
     0 | D:1      | poirepourri, the Deep Dwarf Berserker, began the quest for the Orb.
     0 | D:1      | Reached XP level 1. HP: 20/20 MP: 1/1
   388 | D:1      | Reached XP level 2. HP: 18/28 MP: 2/2
  1024 | D:2      | Found a sparkling altar of Nemelex Xobeh.
  1037 | D:2      | Reached XP level 3. HP: 26/34 MP: 3/3
  1061 | D:2      | Acquired Trog's second power
  1061 | D:2      | Reached XP level 4. HP: 6/44 MP: 4/4
  1601 | D:2      | Reached skill level 4 in Fighting
  1933 | D:3      | Noticed Razmath's ghost (average GrGl)
  1945 | D:3      | Killed Razmath's ghost
  1945 | D:3      | Reached XP level 5. HP: 50/50 MP: 5/5
  2115 | D:3      | Noticed an ice beast
  2145 | D:3      | Killed an ice beast
  2145 | D:3      | Reached skill level 1 in Stealth
  2145 | D:3      | Reached XP level 6. HP: 22/58 MP: 6/6
  3033 | D:4      | Reached skill level 5 in Dodging
  3033 | D:4      | Reached XP level 7. HP: 25/66 MP: 7/7
  3391 | D:4      | Found a white marble altar of Elyvilon.
  3504 | D:4      | Reached skill level 5 in Fighting
  3504 | D:4      | Reached skill level 5 in Axes
  3698 | D:4      | Found a shimmering altar of Xom.
  3751 | D:4      | Found a glowing golden altar of the Shining One.
  3817 | D:5      | Entered Level 5 of the Dungeon
  4016 | D:5      | Slain by an orc warrior

Action                   |  1- 3 |  4- 6 |  7- 9 || total
-------------------------+-------+-------+-------++-------
Melee: Hand axe          |    70 |   308 |   137 ||   515
Invok: Berserk           |     1 |     3 |     1 ||     5
       Trog's Hand       |       |     7 |     7 ||    14
Evoke: Wand              |     2 |     5 |     1 ||     8
  Use: Scroll            |     6 |     5 |       ||    11
       Potion            |     1 |     4 |       ||     5
 Stab: Invisible         |       |     2 |       ||     2
  Eat: Bread ration      |       |     3 |       ||     3
       Chunk             |       |     1 |       ||     1
       Meat ration       |       |       |     1 ||     1
